 Dungeon Crawl Stone Soup version 0.30.0-29-ga12c61a403 (webtiles) character file.

Game seed: 10381473403995773226

96 soylentgreeen202 the Gusty (level 4, 0/33 HPs)
             Began as a Demigod Air Elementalist on June 7, 2023.
             Slain by a giant cockroach (1 damage)
             ... on level 3 of the Dungeon.
             The game lasted 00:13:54 (2943 turns).

soylentgreeen202 the Gusty (DgAE)                   Turns: 2943, Time: 00:13:54

Health: 0/33       AC:  2    Str:  9    XL:     4   Next: 18%
Magic:  6/9        EV: 12    Int: 21    God:
Gold:   114        SH:  0    Dex: 14    Spells: 1/7 levels left

rFire   . . .        h - +1 short sword
rCold   . . .        (no shield)
rNeg    . . .        a - +0 robe
rPois   .            (no helmet)
rElec   .            (no cloak)
rCorr   .            (no gloves)
SInv    .            (no boots)
Will    .....        (no amulet)
Stlth   +            (no ring)
HPRegen 0.25/turn    (no ring)
MPRegen 0.11/turn

%: no passive effects
@: very slow
A: high MP 1, forlorn, divine attributes
a: no special abilities


You were on level 3 of the Dungeon.
You visited 1 branch of the dungeon, and saw 3 of its levels.

You collected 114 gold pieces.

Inventory:

Hand Weapons
 d - a +0 spear
 h - a +1 short sword (weapon)
Armour
 a - a +0 robe (worn)
Magical Staves
 c - a staff of earth
 l - a staff of poison
Jewellery
 j - a +6 ring of intelligence
 n - a ring of protection from fire
Potions
 b - a potion of magic
 f - 4 potions of attraction
 i - a potion of lignification {unknown}
 k - a potion of mutation {unknown}
 m - a potion of cancellation


   Skills:
 - Level 2.0 Dodging
 - Level 2.0 Stealth
 - Level 2.0 Spellcasting
 - Level 2.0 Conjurations
 + Level 4.1 Air Magic


You had one spell level left.
You knew the following spells:

 Your Spells              Type           Power      Damage    Failure   Level
a - Shock                 Conj/Air       56%        1d6       4%          1
b - Swiftness             Air            19%        N/A       9%          3
c - Static Discharge      Conj/Air       28%        2-4/arc   6%          2

Your spell library contained the following spells:

 Spells                   Type           Power      Damage    Failure   Level
 Ensorcelled Hibernation  Hex/Ice        4%         N/A       22%         2
 Passwall                 Tmut/Erth      1%         N/A       22%         2
 Airstrike                Air            9%         2d(2-18)  26%         4
 Dazzling Flash           Conj/Hex       12%        N/A       28%         3
 Silence                  Hex/Air        5%         N/A       87%         5
 Agony                    Necr           2%         N/A       99%         5


Dungeon Overview and Level Annotations

Branches:
Dungeon (3/15)


Innate Abilities, Weirdness & Mutations

You have an increased reservoir of magic. (+10% MP)
You shall have no god before yourself.
Your divine heritage dramatically boosts your attributes as you level up.


Message History

A quokka comes into view.
You hear the slow rusting of a drain.
The giant cockroach misses you.
The giant cockroach bites you but does no damage.
The giant cockroach splashes around in the water.
The giant cockroach misses you.
The giant cockroach splashes around in the water.
Your unstable footing causes you to fumble your attack.
The giant cockroach bites you but does no damage.
The quokka misses you.
Cornered, the quokka turns to fight!
The giant cockroach barely misses you.
You closely miss the quokka. The quokka bites you.
* * * LOW HITPOINT WARNING * * *
The giant cockroach barely misses you.
The quokka splashes around in the water.
Casting: Shock (safe; 4% risk of failure)
Confirm with . or Enter, or press ? or * to list all spells.
Okay, then.
Casting: Shock (safe; 4% risk of failure)
Confirm with . or Enter, or press ? or * to list all spells.
Aiming: Shock (safe; 4% risk of failure)
Press: ? - help, Shift-Dir - straight line, f - quokka
Aim: a quokka (60% to hit)
The zap hits the quokka.
The quokka is almost dead.
The giant cockroach bites you.
* * * LOW HITPOINT WARNING * * *
The quokka barely misses you.
Casting: Shock (safe; 4% risk of failure)
Confirm with . or Enter, or press ? or * to list all spells.
Aiming: Shock (safe; 4% risk of failure)
Press: ? - help, Shift-Dir - straight line, f/p - quokka
Aim: a quokka (almost dead, 60% to hit)
The zap hits the quokka.
You kill the quokka!
The giant cockroach bites you.
* * * LOW HITPOINT WARNING * * *
The giant cockroach attacks as you move away!
The giant cockroach bites you.
You die...

*,,,,,,,,,,,,***********,*
*,*,,,****,,,,,,,,,,,,,,,**
*,**,,,***,,,,*********,,,*
*,*,,,,,,,,,,,,,,,,,**,,,,,
*,*,,*,****,*,,,,,,,,,,,,,,
*,*,,*,* *,*******,**,,,,,
*,*,,,,###*,* *** *,***,,,*
*,*,,,##~######~##*,* **,**
*,*,,,#~~r@~~~~~~#*,* *,,*
*** *,*,,,#~~B####~~~#*,*
**,, ,,*
*,,,,,##~##~~**~*#*,* **,
*,* ****,,,,#~#~~∩~*~***,*
*,
*,****,,,,,,,#~#~~~~*~*,,,*
*,
*,,,,,,,,,,,##~##~~**~**,,*
*,
******,**,,,#~~~#~~*~~~*,,*
** *,,,,,,*,#r~~#~~~~~~*,##
****,*,*,,*,##~####**~**..#


You could see a quokka and a giant cockroach.

Vanquished Creatures
  3 adders
  A gnoll (D:2)
  A worm (D:2)
  3 dart slugs
  7 bats
  5 endoplasms
  A giant cockroach (D:1)
  2 goblins
  7 hobgoblins
  A jackal (D:1)
  4 quokkas
  2 ball pythons (D:1)
  6 kobolds
  3 rats
46 creatures vanquished.

Vanquished Creatures (others)
  An orc wizard (D:3)
1 creature vanquished.

Grand Total: 47 creatures vanquished

Notes
Turn   | Place    | Note
-------+----------+-------------------------------------------
     0 | D:1      | soylentgreeen202 the Demigod Air Elementalist began the
                  | quest for the Orb.
     0 | D:1      | Reached XP level 1. HP: 14/14 MP: 5/5
    85 | D:1      | Reached skill level 1 in Conjurations
   410 | D:1      | Reached XP level 2. HP: 20/20 MP: 1/7
  1142 | D:1      | Reached skill level 3 in Air Magic
  1296 | D:2      | Reached XP level 3. HP: 26/26 MP: 5/8
  1984 | D:2      | Identified the +1 trident "Elis" {drain, Drain rC+ MP+9
                  | SInv}
  2105 | D:2      | Learned a level 3 spell: Swiftness
  2108 | D:2      | Learned a level 2 spell: Static Discharge
  2614 | D:2      | Reached XP level 4. HP: 33/33 MP: 4/9
  2894 | D:3      | Noticed an orc warrior
  2916 | D:3      | Reached skill level 4 in Air Magic
  2921 | D:3      | HP: 1/33 [orc warrior/bolt (10)]
  2942 | D:3      | HP: 1/33 [giant cockroach (2)]
  2943 | D:3      | Slain by a giant cockroach

Illustrated notes

Levels and vault maps discovered:
D:1:      dpeg_arrival_three_bigger_balls, layout_basic,
          hellmonk_ecumenical_altar_pennies_from_heaven, minmay_split_cup_small
D:2:      minmay_door_path, layout_loops_cross
D:3:      layout_loops_ring, tso_altar, mainiacjoe_overflow_divided_tiny,
          gup_sewer_entry_bubbles

Skill      XL: |  1  2  3  4 |
---------------+-------------+-----
Conjurations   | 1 2 |  2.0
Dodging        | 2 |  2.0
Stealth        | 2 |  2.0
Spellcasting   | 2 |  2.0
Air Magic      | 3 4 |  4.1

Action                     |  1- 3 |  4- 6 || total
---------------------------+-------+-------++-------
  Melee: Short sword       |    12 |     6 ||    18
   Cast: Shock             |    79 |     6 ||    85
    Use: Scroll            |    10 |     2 ||    12
         Potion            |       |     2 ||     2
   Stab: Sleeping          |     3 |     1 ||     4
 Armour: Robe              |     8 |     9 ||    17
  Dodge: Dodged            |    21 |    12 ||    33
